 Dungeon Crawl Stone Soup version 0.19.1-1-g22dce08 (webtiles) character file.

1269 dngmouse the Cleaver (level 8, -3/66 HPs)
             Began as a Minotaur Fighter on Jan 15, 2017.
             Slain by an ogre
             ... wielding a +0 giant club
              (22 damage)
             ... on level 4 of the Dungeon.
             The game lasted 00:08:30 (3135 turns).

dngmouse the Cleaver (Minotaur Fighter)             Turns: 3135, Time: 00:08:31

Health: -3/66      AC:  8    Str: 23    XL:     8   Next: 28%
Magic:  7/7        EV:  7    Int: 10    God:
Gold:   200        SH:  9    Dex: 10    Spells: 0 memorised, 7 levels left

rFire  . . .     SeeInvis .     m - +0 broad axe
rCold  . . .     Gourm    .     b - +0 scale mail
rNeg   . . .     Faith    .     c - +0 shield
rPois  .         Spirit   .     (helmet restricted)
rElec  .         Reflect  .     (no cloak)
rCorr  .         Harm     .     (no gloves)
MR     .....                    i - +0 pair of boots
Stlth  ..........               (no amulet)
                                y - ring of loudness (curse)
                                u - +5 ring of intelligence

@: no status effects
A: retaliatory headbutt, horns 2
a: no special abilities


You were on level 4 of the Dungeon.
You were not hungry.

You visited 1 branch of the dungeon, and saw 4 of its levels.

You collected 200 gold pieces.

Inventory:

Hand Weapons
 m - a +0 broad axe (weapon)
Missiles
 C - 2 poisoned tomahawks (quivered)
Armour
 b - a +0 scale mail (worn)
 c - a +0 shield (worn)
 i - a +0 pair of boots (worn)
Jewellery
 p - an uncursed ring of ice
 u - a +5 ring of intelligence (left hand)
 y - a cursed ring of loudness (right hand)
Wands
 x - a wand of lightning (9/15)
 B - a wand of random effects (12/48)
 F - a wand of random effects (38/48)
Scrolls
 e - a scroll of fear {unknown}
 g - 4 scrolls of identify {unknown}
 h - 2 scrolls of noise {unknown}
 j - 6 scrolls of remove curse {unknown}
 l - 2 scrolls of random uselessness {unknown}
 q - a scroll of fog {unknown}
 r - a scroll of amnesia {unknown}
 t - a scroll of teleportation {unknown}
 A - a scroll of immolation {unknown}
Potions
 a - 2 potions of cancellation {unknown}
 d - a potion of might
 n - a potion of degeneration {unknown}
 o - a potion of magic {unknown}
 v - 2 potions of haste {unknown}
 w - a potion of agility
 D - a potion of berserk rage {unknown}
Comestibles
 f - 3 bread rations
 k - 2 meat rations
 s - a slice of pizza
 z - a chunk of flesh
 E - 3 fruits


   Skills:
 - Level 4.1 Fighting
 * Level 11.8 Axes
 - Level 3.6 Armour
 - Level 3.6 Shields


You had 7 spell levels left.
You didn't know any spells.

Dungeon Overview and Level Annotations

Branches:
Dungeon (4/15)
 Temple: D:4-7

Altars:
Cheibriados
Sif Muna
Trog
Vehumet


Innate Abilities, Weirdness & Mutations

You reflexively headbutt those who attack you in melee.
You have a pair of horns on your head.


Message History

You hit the ogre but do no damage. You headbutt the ogre!
The ogre is heavily wounded.
The ogre hits you with a giant club!!
* * * LOW HITPOINT WARNING * * *
Throwing (i - inventory):
C - 4 poisoned tomahawks (quivered)
Press: ? - help, Shift-Dir - straight line, f - ogre
Aim: an ogre, wielding a giant club (heavily wounded)
You throw a poisoned tomahawk.
The poisoned tomahawk hits the ogre but does no damage.
The ogre is poisoned.
The ogre is heavily wounded.
The ogre barely misses you.
Throwing (i - inventory):
C - 3 poisoned tomahawks (quivered)
Press: ? - help, Shift-Dir - straight line, f/p - ogre
Aim: an ogre, wielding a giant club (heavily wounded, poisoned)
You throw a poisoned tomahawk. The poisoned tomahawk hits the ogre.
The ogre looks as sick as possible!
The ogre is heavily wounded.
The ogre hits you with a giant club!!
You die...

#.# #.##.# #.##.. . #.##.#
###.. #.# #.##.#..#... #.#
#.##.#...... #.#
##.##.#...... #.#
#............ ## #.#
##...O@....... ..(...#
#.###(###..##.###. .......
#....## ##..#.# #.#.#.#
#..##.###...#.# #.#.#.#
#..###.#.#..#.### #.#.#.#
#.............<.#####.#.#>#
##.####.##............#.#.#
#.# #.###.#...........))#
#.# #.# #.#[#.##......).)


You could see an ogre.

Vanquished Creatures
  The ghost of dngmouse the Cleaver, an amateur HOFi (D:4)
  Grinder (D:3)
  3 eyes of draining (D:3)
  An ogre (D:4)
  A howler monkey (D:4)
  3 hounds
  An orc wizard (D:4)
  Jessica (D:2)
  Ijyb (D:3)
  4 worker ants (D:4)
  5 gnolls
  6 adders
  2 oozes
  3 worms
  3 dart slugs
  2 leopard geckos
  3 orcs (D:4)
  2 ball pythons
  5 giant cockroaches
  7 goblins
  12 hobgoblins
  13 jackals
  A quokka (D:3)
  9 bats
  4 frilled lizards
  11 kobolds
  5 rats
110 creatures vanquished.

Notes
Turn   | Place    | Note
-------+----------+-------------------------------------------
     0 | D:1      | dngmouse the Minotaur Fighter began the quest for the Orb.
     0 | D:1      | Reached XP level 1. HP: 19/19 MP: 0/0
    83 | D:1      | Reached skill level 3 in Axes
    83 | D:1      | Reached XP level 2. HP: 23/27 MP: 1/1
   481 | D:1      | Reached XP level 3. HP: 28/33 MP: 2/2
   554 | D:1      | Reached skill level 4 in Axes
  1202 | D:2      | Noticed Jessica
  1209 | D:2      | Killed Jessica
  1209 | D:2      | Reached skill level 5 in Axes
  1209 | D:2      | Reached XP level 4. HP: 22/40 MP: 3/3
  1417 | D:2      | Reached skill level 6 in Axes
  1417 | D:2      | Reached XP level 5. HP: 38/46 MP: 4/4
  1765 | D:2      | Found a radiant altar of Vehumet.
  1765 | D:2      | Found a faded altar of an unknown god.
  1770 | D:2      | Found a faded altar of an unknown god.
  1779 | D:2      | Found a deep blue altar of Sif Muna.
  1780 | D:2      | Found a snail-covered altar of Cheibriados.
  2070 | D:3      | Found a bloodstained altar of Trog.
  2070 | D:3      | Noticed an eye of draining
  2070 | D:3      | Noticed an eye of draining
  2070 | D:3      | Noticed an eye of draining
  2077 | D:3      | Reached skill level 7 in Axes
  2091 | D:3      | Killed an eye of draining
  2091 | D:3      | Reached XP level 6. HP: 52/52 MP: 0/5
  2093 | D:3      | Reached skill level 8 in Axes
  2301 | D:3      | Noticed Ijyb
  2307 | D:3      | Killed Ijyb
  2307 | D:3      | Reached skill level 9 in Axes
  2307 | D:3      | Reached XP level 7. HP: 59/59 MP: 6/6
  2346 | D:3      | Noticed Grinder
  2358 | D:3      | Paralysed by Grinder for 2 turns
  2363 | D:3      | Killed Grinder
  2509 | D:3      | Reached skill level 10 in Axes
  2983 | D:4      | Reached skill level 11 in Axes
  2983 | D:4      | Reached XP level 8. HP: 47/66 MP: 7/7
  2995 | D:4      | Noticed dngmouse's ghost (amateur HOFi)
  3004 | D:4      | Killed dngmouse's ghost
  3135 | D:4      | Slain by an ogre

Skill      XL: |  1  2  3  4  5  6  7 |
---------------+----------------------+-----
Axes           | 3 5 6 7 9 11 | 11.8
Fighting       | 4 |  4.1
Armour         | |  3.6
Shields        | |  3.6

Action                   |  1- 3 |  4- 6 |  7- 9 || total
-------------------------+-------+-------+-------++-------
Melee: War axe           |    84 |    26 |       ||   110
       Headbutt          |    10 |    18 |    16 ||    44
       Broad axe         |       |    90 |    97 ||   187
Throw: Tomahawk          |       |       |     8 ||     8
  Eat: Chunk             |     1 |     4 |     3 ||     8
Armor: Scale mail        |    51 |    43 |    38 ||   132
Dodge: Dodged            |    31 |    32 |    20 ||    83
Block: Shield            |    43 |    63 |    43 ||   149
